Map: Romanticide LE

Players

uwuThermal (uThermal) - Winner!

  • Race: Terran Terran
  • League: Master
  • Spawn Location: 5:00

SKillous

  • Race: Protoss Protoss
  • League: Grandmaster
  • Spawn Location: 11:00

VOD

Have the link to the VOD?

Description

Time

  • Played on: Sept. 27, 2020, 1:15 p.m.
  • Length: 14:56
Show
View Real Time Build Order
Export as new Build Order

uwuThermal Terran - Winner!

Build Orders: Reaper Expand 

Get SALT Encoding   

  12  0:00  SCV  
  13  0:12  SCV  
  14  0:16  Supply Depot  
  14  0:24  SCV  
  15  0:38  SCV  
  15  0:39  Barracks  
  16  0:43  Refinery  
  16  0:50  SCV  
  17  1:02  SCV  
  18  1:14  SCV  
  19  1:26  Reaper, Orbital Command  
  20  1:40  Command Center  
  20  1:52  SCV  
  21  1:55  Supply Depot  
  21  1:58  Marine  
  22  2:04  SCV  
  23  2:10  Factory  
  23  2:17  SCV  
  23  2:20  Barracks Reactor  
  24  2:23  Bunker  
  24  2:29  SCV  
  25  2:31  Refinery  
  25  2:41  SCV  
  26  2:53  SCV  
  26  2:54  Orbital Command  
  29  2:58  Hellion  
  29  2:59  Starport  
  29  3:01  Marine  
  29  3:03  Marine  
  31  3:07  SCV  
  32  3:19  SCV, Marine  
  35  3:20  Widow Mine  
  35  3:21  SCV, Marine  
  38  3:29  Supply Depot  
  38  3:31  SCV  
  38  3:33  SCV  
  40  3:36  Medivac  
  40  3:39  Marine x2  
  44  3:43  Widow Mine  
  46  3:51  SCV x2  
  46  3:53  Supply Depot  
  48  3:57  Marine x2  
  49  4:03  SCV x2  
  49  4:04  Factory Tech Lab  
  49  4:06  Starport Tech Lab  
  49  4:15  SCV, Marine x2  
  52  4:17  SCV  
  52  4:19  Barracks  
  52  4:20  Barracks  
  52  4:24  Cyclone  
  56  4:27  SCV  
  56  4:30  SCV, Supply Depot  
  58  4:32  Raven  
  58  4:33  Marine  
  58  4:34  Marine  
  62  4:41  Supply Depot  
  62  4:43  Refinery  
  62  4:46  SCV  
  62  4:47  Engineering Bay  
  62  4:49  SCV  
  61  4:54  Marine  
  61  4:58  SCV  
  63  5:01  SCV  
  63  5:05  Marine  
  63  5:10  SCV  
  63  5:12  Marine  
  63  5:13  SCV  
  64  5:15  Terran Infantry Weapons Level 1  
  64  5:17  Supply Depot  
  64  5:18  Missile Turret  
  62  5:22  SCV, Marine  
  62  5:25  Stimpack, Marine  
  62  5:26  SCV, Starport Reactor  
  66  5:31  Factory Tech Lab  
  66  5:34  SCV  
  67  5:36  Supply Depot  
  67  5:38  SCV, Combat Shield  
  67  5:39  Marauder, Marine  
  67  5:40  Marine  
  72  5:43  Marauder  
  72  5:46  SCV  
  75  5:52  Siege Tank  
  78  5:58  Barracks  
  78  5:59  Supply Depot, Refinery, Marine x2, Barracks  
  80  6:05  Missile Turret  
  80  6:08  Marauder  
  80  6:09  Marauder  
  80  6:10  Medivac  
  86  6:18  Supply Depot  
  86  6:22  Medivac  
  86  6:25  Marine  
  89  6:26  Supply Depot  
  89  6:29  Marauder, Marine  
  89  6:30  Marine  
  93  6:37  Siege Tank  
  96  6:43  Marine  
  96  6:45  Marine  
  96  6:46  Marine x2  
  97  6:48  Marauder  
  97  6:50  Medivac, Marine  
  103  7:01  Supply Depot, Marine  
  103  7:03  Marine x2  
  103  7:04  Marine  
  103  7:08  Marine  
  110  7:09  Marine  
  110  7:11  Supply Depot  
  110  7:13  Siege Tank  
  114  7:19  Marine  
  114  7:21  Marine x2  
  114  7:22  Marine  
  118  7:23  Liberator  
  118  7:25  Supply Depot  
  118  7:26  Marauder  
  118  7:27  Marauder  
  123  7:36  Supply Depot, Marine  
  124  7:39  Marine x2  
  124  7:40  Marine  
  127  7:45  Siege Tank  
  127  7:48  Marauder  
  127  7:49  Marauder  
  127  7:50  Liberator  
  137  7:54  Marine  
  137  7:57  Marine  
  138  8:00  Supply Depot  
  138  8:05  Marine  
  139  8:09  Marauder  
  139  8:10  Marauder  
  142  8:17  Siege Tank  
  142  8:18  Supply Depot  
  117  8:34  Marine x2  
  117  8:36  Marine x4  
  110  8:43  Medivac x2  
  111  8:49  Siege Tank  
  111  8:52  Marine x2  
  111  8:54  Marine x4  
  117  9:10  Marine x2  
  117  9:11  Marine  
  117  9:12  Marine x3  
  117  9:13  Medivac  
  117  9:15  Medivac  
  127  9:21  Siege Tank  
  127  9:27  Marine  
  127  9:28  Marine  
  127  9:29  Marine  
  127  9:30  Marine x3  
  106  9:43  Medivac  
  106  9:45  Medivac, Marine x2  
  91  9:47  Marine x3  
  91  9:50  Marine  
  91  9:53  Command Center  
  91  9:57  Concussive Shells  
  91  10:03  Factory Reactor, Marine x2  
  91  10:04  SCV x2  
  91  10:05  Terran Infantry Armor Level 1  
  91  10:06  Marauder  
  97  10:09  Marine, Barracks Tech Lab  
  98  10:16  Liberator  
  98  10:21  Marine  
  101  10:22  Liberator  
  101  10:23  Marine  
  101  10:27  Marine  
  101  10:28  Marauder  
  109  10:30  Marine  
  110  10:37  Marine  
  110  10:38  SCV x2  
  113  10:46  Marauder  
  110  10:52  Widow Mine  
  110  10:53  Widow Mine, Marine x3  
  115  10:59  Medivac  
  110  11:12  Medivac  
  110  11:13  SCV x2  
  110  11:15  Widow Mine x2  
  118  11:19  Marine x3  
  118  11:20  Marine  
  118  11:23  Marine  
  118  11:25  SCV x2  
  125  11:30  Missile Turret  
  125  11:36  Widow Mine x2  
  129  11:42  Orbital Command  
  129  11:47  Marine x2  
  129  11:50  Marauder, Marine  
  129  11:52  Marine  
  135  11:58  Widow Mine x2  
  135  11:59  Liberator  
  142  12:04  Liberator  
  144  12:12  Marine  
  144  12:13  Marauder  
  145  12:22  Marauder x2, Marine x2  
  151  12:26  Widow Mine  
  136  12:30  Marine  
  136  12:34  Marauder  
  118  12:40  Marine  
  118  12:42  Liberator  
  116  12:46  Liberator, Widow Mine, Marine x2  
  116  12:47  Marauder, Widow Mine  
  116  12:48  Marine  
  128  12:56  Marauder  
  130  13:01  Marine  
  130  13:03  Armory  
  130  13:04  Engineering Bay, Marine  
  130  13:05  Marauder  
  134  13:07  Marine, Widow Mine  
  134  13:09  Widow Mine, Marine  
  140  13:17  Marine  
  140  13:19  Supply Depot, Marine  
  142  13:20  Supply Depot  
  142  13:22  Marine  
  143  13:31  Ghost Academy  
  142  13:42  Liberator  
  142  13:47  Marine  
  142  13:48  SCV, Marauder  
  146  13:54  Liberator  
  146  13:55  Marauder, Marine  
  152  14:00  Widow Mine x2  
  156  14:08  Marauder x2, Marine x2  
  162  14:13  Marine  
  165  14:17  Marauder  
  165  14:25  Marine  
  160  14:32  Marine  
  160  14:33  Marauder  
Show
View Real Time Build Order
Export as new Build Order

SKillous Protoss 

Build Orders: 1 Gate Expand, Oracle Opening, Phoenix Opening, Zealot Archon 

Get SALT Encoding   

  12  0:00  Probe  
  13  0:14  Probe  
  14  0:17  Pylon  
  14  0:26  Probe (Chrono Boost)  
  15  0:37  Gateway  
  15  0:38  Probe (Chrono Boost)  
  16  0:44  Probe (Chrono Boost)  
  16  0:46  Assimilator  
  17  0:52  Probe  
  18  1:04  Probe  
  19  1:16  Probe  
  20  1:24  Cybernetics Core  
  20  1:32  Nexus  
  20  1:35  Probe  
  21  1:42  Pylon  
  21  1:48  Assimilator  
  21  1:51  Probe  
  22  1:58  Adept (Chrono Boost)  
  24  2:03  Probe  
  25  2:15  Probe  
  26  2:18  Stalker (Chrono Boost)  
  28  2:29  Probe, Stargate  
  29  2:39  Warp Gate  
  29  2:41  Probe (Chrono Boost)  
  30  2:52  Probe (Chrono Boost)  
  32  2:59  Probe (Chrono Boost)  
  32  3:02  Probe (Chrono Boost)  
  34  3:06  Probe (Chrono Boost)  
  34  3:07  Probe (Chrono Boost)  
  34  3:09  Oracle (Chrono Boost)  
  38  3:17  Probe  
  38  3:19  Probe  
  40  3:27  Nexus  
  40  3:29  Probe  
  40  3:31  Probe, Pylon  
  42  3:39  Phoenix  
  44  3:41  Probe  
  44  3:43  Probe  
  46  3:53  Probe, Gateway  
  46  3:55  Probe  
  47  3:59  Gateway  
  47  4:05  Probe  
  47  4:06  Phoenix (Chrono Boost)  
  50  4:12  Probe, Pylon  
  51  4:19  Probe  
  51  4:22  Phoenix (Chrono Boost)  
  54  4:28  Twilight Council  
  55  4:31  Probe (Chrono Boost)  
  55  4:34  Probe (Chrono Boost)  
  56  4:40  Pylon  
  56  4:41  Probe (Chrono Boost)  
  59  4:45  Probe (Chrono Boost)  
  59  4:48  Probe (Chrono Boost), Phoenix  
  59  4:49  Probe (Chrono Boost)  
  59  4:52  Probe (Chrono Boost)  
  63  4:54  Probe (Chrono Boost)  
  62  5:02  Probe (Chrono Boost)  
  62  5:05  Probe (Chrono Boost), Charge (Chrono Boost)  
  64  5:07  Probe (Chrono Boost)  
  64  5:10  Probe (Chrono Boost)  
  64  5:11  Probe (Chrono Boost)  
  64  5:13  Probe  
  67  5:16  Pylon  
  67  5:20  Probe  
  69  5:21  Probe  
  69  5:26  Probe, Gateway  
  69  5:27  Gateway  
  69  5:28  Gateway  
  70  5:29  Gateway  
  70  5:32  Probe, Gateway  
  70  5:33  Pylon  
  71  5:36  Probe  
  71  5:38  Probe  
  73  5:42  Assimilator  
  73  5:43  Assimilator  
  73  5:44  Probe  
  73  5:45  Phoenix (Chrono Boost)  
  73  5:48  Probe  
  77  5:50  Probe  
  77  5:51  Pylon  
  77  5:56  Probe  
  79  6:02  Templar Archives  
  79  6:04  Forge  
  79  6:10  Zealot x3  
  85  6:12  Pylon  
  85  6:14  Pylon, Phoenix (Chrono Boost)  
  85  6:15  Shield Battery  
  87  6:21  Probe  
  87  6:22  Probe  
  88  6:31  Probe  
  89  6:34  Probe, Protoss Ground Weapons Level 1 (Chrono Boost)  
  90  6:46  Zealot x2  
  90  6:47  Zealot x3  
  101  6:51  Zealot x3  
  103  6:56  Pylon  
  103  7:02  Pylon  
  103  7:09  Sentry, Zealot, High Templar x2  
  103  7:10  Zealot  
  103  7:11  Probe  
  103  7:14  Photon Cannon  
  114  7:16  Shield Battery, Assimilator  
  114  7:18  Assimilator  
  114  7:20  Archon  
  114  7:21  Probe  
  115  7:23  Photon Cannon  
  115  7:28  Zealot x3  
  121  7:31  Pylon  
  121  7:32  Pylon  
  121  7:33  Pylon  
  121  7:37  High Templar  
  121  7:38  Zealot, High Templar  
  121  7:42  Archon  
  125  7:45  Zealot x2  
  127  8:01  Zealot x4  
  135  8:11  Zealot x4  
  123  8:30  Zealot x4  
  123  8:32  Zealot x3  
  123  8:33  Zealot  
  102  8:35  Void Ray (Chrono Boost)  
  84  8:50  High Templar  
  84  8:51  High Templar x3  
  84  8:53  Zealot x2, High Templar x2  
  100  8:56  Archon x2  
  100  8:57  Archon, Gateway  
  100  8:58  Gateway  
  94  9:05  Void Ray (Chrono Boost)  
  92  9:14  Zealot x2  
  95  9:23  Zealot x4  
  96  9:32  Zealot x2  
  96  9:33  Probe  
  96  9:37  Zealot  
  96  9:38  Zealot  
  80  9:40  Probe  
  80  9:45  Probe, Zealot  
  72  9:46  Zealot x3  
  80  9:58  High Templar  
  83  10:02  Nexus  
  83  10:03  High Templar x3  
  83  10:04  Sentry  
  83  10:05  Zealot  
  91  10:10  Archon x2  
  91  10:11  Protoss Ground Armor Level 1 (Chrono Boost)  
  91  10:13  Shield Battery  
  91  10:16  High Templar x2  
  91  10:17  Zealot  
  97  10:23  Archon  
  97  10:24  Zealot  
  99  10:31  Zealot x2  
  95  10:36  Probe x2  
  91  10:51  Zealot x2  
  91  10:55  Zealot x2  
  91  11:14  Probe x3  
  92  11:19  High Templar x2  
  92  11:20  Zealot x3  
  92  11:23  Archon  
  102  11:26  Zealot x2  
  102  11:30  Probe x2  
  108  11:36  High Templar x2  
  108  11:37  Zealot  
  114  11:42  Archon  
  114  11:43  Zealot x3  
  120  11:50  Zealot x2  
  124  11:56  Pylon, Robotics Facility  
  124  11:59  Sentry  
  126  12:08  Zealot x3  
  132  12:13  Zealot x2  
  132  12:23  Zealot x3  
  112  12:32  Zealot x4  
  80  12:45  Zealot x4  
  80  12:46  Probe  
  80  12:47  Probe x2  
  80  12:50  High Templar  
  80  12:51  High Templar  
  95  12:53  High Templar  
  95  12:54  High Templar  
  95  12:57  Robotics Bay, Archon  
  95  12:58  Sentry, Archon  
  101  13:11  Zealot x4  
  109  13:23  High Templar x2  
  109  13:24  Zealot x2  
  117  13:29  Archon  
  117  13:37  Zealot x3  
  117  13:38  Zealot x3  
  123  13:42  Disruptor (Chrono Boost)  
  123  13:45  Shield Battery  
  122  13:52  Zealot x2  
  120  13:59  Zealot x3  
  120  14:01  Sentry x2  
  128  14:08  Disruptor (Chrono Boost)  
  128  14:16  Zealot x4  
  107  14:33  Zealot x2  
  107  14:34  Zealot x4  
  113  14:38  Zealot  
  90  14:50  Zealot x3  
Tags
 
Add a new tag
Caveats
  • Supply blocks, unpowered buildings, or Contaminate may cause inaccurate times.
  • Supply counts are checked every 10 seconds.